 Dungeon Crawl Stone Soup version 0.22.1-5-g62c59d919a (webtiles) character file.

17929 Rediskos the Basher (level 12, 71/77 HPs)
             Began as a Gargoyle Fighter on Dec 31, 2018.
             Was a High Priest of Nemelex Xobeh.
             Quit the game on level 3 of the Lair of Beasts on Jan 16, 2019.
             The game lasted 00:33:58 (14683 turns).

Rediskos the Basher (Gargoyle Fighter)             Turns: 14683, Time: 00:33:58

Health: 71/77      AC: 21    Str: 23    XL:     12   Next: 53%
Magic:  18/18      EV:  7    Int: 11    God:    Nemelex Xobeh [*****.]
Gold:   682        SH: 13    Dex: 14    Spells: 11/11 levels left

rFire    + . .     SeeInvis .   A - +0 morningstar
rCold    . . .     Gourm    .   c - +1 shield
rNeg     + . .     Faith    .   l - +0 chain mail
rPois    ∞         Spirit   .   (no helmet)
rElec    +         Reflect  .   (no cloak)
rCorr    .         Harm     .   (no gloves)
MR       +....                  R - +0 pair of boots
Stlth    ..........             L - amulet of Ewnaurie {rPois rC- MR+ Regen+ Dex+5}
HPRegen  0.62/turn              x - ring of protection from cold
MPRegen  0.16/turn              y - ring of protection from fire

@: no status effects
A: negative energy resistance 1, electricity resistance, unbreathing,
petrification resistance, rot immunity, AC +8
a: Triple Draw, Deal Four, Stack Five, Renounce Religion


You were on level 3 of the Lair of Beasts.
You worshipped Nemelex Xobeh.
Nemelex Xobeh was extremely pleased with you.
You were very full.

You visited 2 branches of the dungeon, and saw 12 of its levels.

You collected 682 gold pieces.

Inventory:

Hand Weapons
 a - a +1 flail
 j - the +3 hand axe of Kismet {flame, rF+ Dex+2}
   (You found it on level 4 of the Dungeon)

   It has been specially enchanted to burn those struck by it, causing extra
   injury to most foes and up to half again as much damage against particularly
   susceptible opponents.
   Big, fiery blades are also staple armaments of hydra-hunters.
   It affects your dexterity (+2).
   It protects you from fire.
 A - a +0 morningstar (weapon)
Armour
 c - a +1 shield (worn)
 l - a +0 chain mail (worn)
 R - a +0 pair of boots (worn)
Jewellery
 m - an uncursed amulet of the gourmand
 x - a ring of protection from cold (left hand)
 y - a ring of protection from fire (right hand)
 C - the amulet of the Queen {Inacc +Fly rN+ Dex-3}
   (You found it on level 8 of the Dungeon)

   [amulet of inaccuracy]

   It reduces the accuracy of all your attacks.
   It affects your dexterity (-3).
   It protects you from negative energy.
   It lets you fly.
 L - the amulet of Ewnaurie (around neck) {rPois rC- MR+ Regen+ Dex+5}
   (You found it on level 3 of the Lair of Beasts)

   [amulet of regeneration]

   It affects your dexterity (+5).
   It makes you vulnerable to cold.
   It protects you from poison.
   It affects your resistance to hostile enchantments.
   It increases your rate of regeneration.
 O - an uncursed ring of flight
Wands
 o - a wand of polymorph (18)
 s - a wand of paralysis (33)
 B - a wand of flame (24)
 F - a wand of digging (10)
 P - a wand of random effects (24)
Scrolls
 b - a scroll of teleportation
 e - 6 scrolls of remove curse
 g - 3 scrolls of enchant weapon
 t - 2 scrolls of fear
 K - 3 scrolls of amnesia
Potions
 d - 2 potions of might
 h - 3 potions of heal wounds
 k - 2 potions of cancellation
 n - 2 potions of agility
 p - a potion of lignification {unknown}
 q - 3 potions of berserk rage
 v - a potion of brilliance {unknown}
 w - 2 potions of haste {unknown}
 D - 2 potions of mutation {unknown}
 H - 2 potions of magic {unknown}
 I - 3 potions of flight {unknown}
 S - a potion of curing {unknown}
Miscellaneous
 u - a plain deck of destruction
 z - a plain deck of summoning {drawn: 1}
 E - a plain deck of summoning
 G - a plain deck of destruction
 J - a plain deck of destruction
 M - a plain deck of destruction
 N - a box of beasts
 Q - an ornate deck of summoning
Comestibles
 f - 13 rations
 i - 19 chunks of flesh


   Skills:
 + Level 9.8 Fighting
 * Level 11.9 Maces & Flails
 + Level 9.8 Armour
 + Level 9.8 Shields
 + Level 8.6 Invocations


You had 11 spell levels left.
You didn't know any spells.
Your spell library contained the following spells:

 Spells                   Type           Power        Failure   Level  Hunger
 Animate Skeleton         Necr           N/A          98%         1    ##.....
 Pain                     Necr           #...         98%         1    ##.....
 Sandblast                Erth           #.....       98%         1    ##.....
 Summon Butterflies       Summ           #.......     98%         1    ##.....
 Passwall                 Tmut/Erth      #.......     99%         2    ###....
 Call Canine Familiar     Summ           #.......     100%        3    ####...
 Regeneration             Chrm/Necr      #.........   100%        3    ####...
 Stone Arrow              Conj/Erth      #.....       100%        3    ####...
 Vampiric Draining        Necr           #.........   100%        3    ####...
 Animate Dead             Necr           N/A          100%        4    #####..
 Petrify                  Tmut/Erth      #.......     100%        4    #####..
 Summon Ice Beast         Ice/Summ       #.......     100%        4    #####..
 Summon Lightning Spire   Summ/Air       #.......     100%        4    #####..
 Lee's Rapid Deconstruct  Erth           #.........   100%        5    ######.
 Silence                  Hex/Air        #.........   100%        5    ######.
 Summon Mana Viper        Hex/Summ       #.......     100%        5    ######.
 Conjure Ball Lightning   Conj/Air       #.........   100%        6    #######
 Deflect Missiles         Chrm/Air       #.........   100%        6    #######
 Summon Hydra             Summ           #.........   100%        7    #######
 Tornado                  Air            #.........   100%        9    #######


Dungeon Overview and Level Annotations

Branches:
Dungeon (9/15)             Temple (0/1) D:4            Lair (3/6) D:8
  Swamp (0/4) Lair:3        Snake (0/4) Lair:3
    Orc: D:9-12

Altars:
Nemelex Xobeh
Qazlal
Trog
Vehumet
Yredelemnul

Shops:
D:8 (

Annotations:
D:3 2 runed doors, Forgol's ghost, amateur CeAM


Innate Abilities, Weirdness & Mutations

You are resistant to torment.
Your stone body is resilient. (AC +8)
You are immune to poison.
You resist negative energy. (rN+)
You are resistant to electric shocks. (rElec)
You can survive without breathing.
You are immune to petrification.
You are immune to rotting.


Message History

You kill the spiny frog!
You see here a spiny frog corpse.
You start resting.
The elephant is too close now for your liking.
Some of the chunks of flesh in your inventory have rotted away.
You drop a ration.
The elephant trumpets!
Save game and exit?
Welcome back, Rediskos the Gargoyle Fighter.
Nemelex Xobeh says: It's all in the cards!
Press ? for a list of commands and other information.
Okay, then.
Evoke which item? (* to show all) (? for menu, Esc to quit)
Okay, then.
Save game and exit?
Okay, then.
Quiver which item? (- for none, * to show all) (? for menu, Esc to quit)
Okay, then.
Unknown command.
Are you sure you want to abandon this character and quit the game? (Confirm

...###.#.##.###########..####.#.#
.................................
#................................
#.....#####.#.#..........##......
#....## ######.....######......
#.....# ##.....# #...... #....##
#......## ###...... .....#
##†....(###........ .....#
###@................ ......#
###P.................. ........
.........†.............
.................................
......................Y..........
.................................
........ ♣♣♣♣♣♣♣♣♣♣♣.............
......♣ ♣♣♣.......<### .....♣
♣♣........#


You could see an elephant.

Vanquished Creatures
  2 hydras (Lair:3)
  A catoblepas (Lair:3)
  A swamp dragon (Lair:3)
  Joseph (D:7)
  11 elephants
  A black mamba (Lair:2)
  6 spiny frogs
  A komodo dragon (Lair:1)
  2 rime drakes
  3 hippogriffs
  A bog body (Lair:3)
  4 blink frogs (Lair:2)
  A spriggan (Lair:3)
  Sigmund (D:2)
  6 yaks (Lair:3)
  Eustachio (D:4)
  A wyvern (D:8)
  6 water moccasins
  2 swamp worms (Lair:3)
  An acid dragon (D:5)
  2 porcupines (Lair:1)
  Duvessa (D:6)
  A hornet zombie (D:8)
  4 ice beasts
  A sky beast (D:8)
  A necrophage (D:7)
  An ogre (D:4)
  2 orc warriors (D:8)
  3 phantoms
  A centaur (D:8)
  7 crocodiles
  12 bullfrogs
  Dowan (D:6)
  A scorpion (D:7)
  A water moccasin skeleton (D:8)
  An electric eel (Lair:3)
  5 wights (D:6)
  2 howler monkeys (D:4)
  3 crimson imps
  2 bullfrog zombies
  A bullfrog skeleton (D:4)
  2 hounds
  2 jellies
  4 orc priests
  6 orc wizards
  Jessica (D:2)
  Terence (D:2)
  An iguana (D:4)
  5 hell rats (Lair:3)
  7 worker ants
  A hound skeleton (D:5)
  A hound zombie (D:5)
  Robin (D:2)
  7 gnolls
  2 river rats (D:4)
  8 adders
  A shadow imp (D:5)
  2 oozes
  3 adder skeletons
  2 worms
  A dart slug (D:4)
  5 leopard geckos
  20 orcs
  3 ball pythons
  10 bats
  8 giant cockroaches
  11 goblins
  9 hobgoblins
  10 jackals
  4 kobolds
  A quokka (D:3)
  4 frilled lizards
  A leopard gecko skeleton (D:4)
  A quokka skeleton (D:5)
  6 rats
  A plant (Lair:2)
258 creatures vanquished.

Vanquished Creatures (collateral kills)
  A blink frog (Lair:2)
  A water moccasin (Lair:2)
  An orc warrior (D:6)
  An ogre (D:4)
  2 orc wizards (D:6)
  An iguana (D:4)
  A worker ant zombie (D:5)
  An adder (D:4)
  2 orcs
  A quokka skeleton (D:6)
12 creatures vanquished.

Vanquished Creatures (others)
  An unseen horror (Lair:3)
  A worker ant zombie (D:8)
  A howler monkey skeleton (D:8)
  61 fungi (Lair:3)
  26 plants (Lair:3)
90 creatures vanquished.

Grand Total: 360 creatures vanquished

Notes
Turn   | Place    | Note
-------+----------+-------------------------------------------
     0 | D:1      | Rediskos the Gargoyle Fighter began the quest for the Orb.
     0 | D:1      | Reached XP level 1. HP: 14/14 MP: 1/1
   320 | D:1      | Reached XP level 2. HP: 19/19 MP: 2/2
   861 | D:2      | Noticed Terence
  1238 | D:2      | Reached XP level 3. HP: 23/23 MP: 3/3
  1310 | D:1      | Reached skill level 3 in Maces & Flails
  1638 | D:2      | Reached XP level 4. HP: 16/29 MP: 4/4
  2183 | D:2      | Noticed Jessica
  2191 | D:2      | Killed Jessica
  2254 | D:2      | Noticed Robin
  2660 | D:2      | Reached XP level 5. HP: 27/33 MP: 5/5
  2686 | D:2      | Killed Terence
  2893 | D:2      | Killed Robin
  2939 | D:2      | Noticed Sigmund
  2953 | D:2      | Killed Sigmund
  2953 | D:2      | Reached skill level 4 in Maces & Flails
  2953 | D:2      | Reached XP level 6. HP: 28/39 MP: 6/6
  3151 | D:2      | Found a bloodstained altar of Trog.
  3424 | D:3      | Found a runed door.
  3428 | D:3      | Noticed Forgol's ghost (amateur CeAM)
  3592 | D:3      | Found a sparkling altar of Nemelex Xobeh.
  3668 | D:3      | Became a worshipper of Nemelex Xobeh the Trickster
  3718 | D:3      | Found a runed door.
  3778 | D:3      | Received a gift from Nemelex Xobeh
  3907 | D:4      | Found a glowing drain.
  3986 | D:4      | Got an ichor-stained hand axe
  4077 | D:4      | Reached XP level 7. HP: 40/44 MP: 7/7
  4081 | D:4      | Reached skill level 5 in Maces & Flails
  4081 | D:4      | Reached skill level 1 in Invocations
  4209 | D:4      | Reached skill level 5 in Fighting
  4209 | D:4      | Reached skill level 5 in Armour
  4209 | D:4      | Reached skill level 5 in Shields
  4562 | D:4      | Reached XP level 8. HP: 49/49 MP: 9/9
  4656 | D:4      | Received a gift from Nemelex Xobeh
  4678 | D:4      | Reached * piety under Nemelex Xobeh
  4752 | D:4      | Found a staircase to the Ecumenical Temple.
  4866 | D:4      | Noticed Eustachio
  4917 | D:4      | Killed Eustachio
  4917 | D:4      | Reached skill level 6 in Maces & Flails
  5389 | D:5      | Entered Level 5 of the Dungeon
  5844 | D:5      | Found a stormy altar of Qazlal.
  5986 | D:5      | Received a gift from Nemelex Xobeh
  5991 | D:5      | Reached ** piety under Nemelex Xobeh
  6289 | D:6      | Reached XP level 9. HP: 36/55 MP: 11/11
  6336 | D:6      | Reached skill level 7 in Maces & Flails
  6944 | D:6      | Noticed Duvessa
  6944 | D:6      | Noticed Dowan
  6955 | D:6      | Killed Duvessa
  6966 | D:6      | Killed Dowan
  7359 | D:7      | Received a gift from Nemelex Xobeh
  7542 | D:7      | Noticed Joseph
  7576 | D:7      | Killed Joseph
  7576 | D:7      | Reached skill level 8 in Maces & Flails
  7729 | D:7      | Found a sparkling altar of Nemelex Xobeh.
  7760 | D:7      | Reached skill level 5 in Invocations
  7857 | D:7      | Reached XP level 10. HP: 47/63 MP: 13/13
  7949 | D:7      | Found a basalt altar of Yredelemnul.
  7950 | D:7      | Received a gift from Nemelex Xobeh
  8073 | D:8      | Found a radiant altar of Vehumet.
  8084 | D:8      | Got a transparent sapphire amulet
  8091 | D:8      | Reached *** piety under Nemelex Xobeh
  8225 | D:8      | Found Yfewna's Weapon Shoppe.
  8228 | D:8      | Found a staircase to the Lair.
  8331 | D:8      | Identified the amulet of the Queen {Inacc +Fly rN+ Dex-3}
                  | (You found it on level 8 of the Dungeon)
  8754 | D:8      | Reached skill level 9 in Maces & Flails
  9142 | Lair:1   | Entered Level 1 of the Lair of Beasts
  9206 | Lair:1   | Noticed a spiny frog
  9227 | Lair:1   | Killed a spiny frog
  9494 | Lair:1   | Noticed a spiny frog
  9536 | Lair:1   | Killed a spiny frog
 10471 | Lair:1   | Reached XP level 11. HP: 56/68 MP: 15/15
 10491 | Lair:1   | Received a gift from Nemelex Xobeh
 10513 | Lair:1   | Reached **** piety under Nemelex Xobeh
 10558 | Lair:1   | Reached skill level 10 in Maces & Flails
 11733 | Lair:2   | Received a gift from Nemelex Xobeh
 11882 | Lair:2   | Identified the +3 hand axe of Kismet {flame, rF+ Dex+2}
                  | (You found it on level 4 of the Dungeon)
 11916 | Lair:2   | Reached ***** piety under Nemelex Xobeh
 11921 | Lair:2   | Received a gift from Nemelex Xobeh
 13038 | Lair:3   | Found a staircase to the Snake Pit.
 13157 | Lair:3   | Noticed a dire elephant
 13158 | Lair:3   | Noticed a catoblepas
 13158 | Lair:3   | a dire elephant changed into a catoblepas
 13171 | Lair:3   | Killed a catoblepas
 13283 | Lair:2   | Reached skill level 11 in Maces & Flails
 13574 | Lair:3   | Noticed a six-headed hydra
 13585 | Lair:3   | Killed a six-headed hydra
 13618 | Lair:3   | Reached XP level 12. HP: 12/76 MP: 17/17
 14101 | Lair:3   | Found a staircase to the Swamp.
 14381 | Lair:3   | Got a translucent bronze amulet
 14383 | Lair:3   | Identified the amulet of Ewnaurie {rPois rC- MR+ Regen+
                  | Dex+5} (You found it on level 3 of the Lair of Beasts)
 14491 | Lair:3   | Received a gift from Nemelex Xobeh
 14608 | Lair:3   | Noticed a six-headed hydra
 14625 | Lair:3   | Killed a six-headed hydra
 14683 | Lair:3   | Upgraded the game from 0.22.1-2-g9c5b331383 to
                  | 0.22.1-5-g62c59d919a
 14683 | Lair:3   | Quit the game

Skill      XL: |  1  2  3  4  5  6  7  8  9 10 11 12 |
---------------+-------------------------------------+-----
Maces & Flails | 3 4 5 6 8 9 11 | 11.9
Fighting       | 4 5 6 7 8 9 |  9.8
Armour         | 4 5 6 7 8 9 |  9.8
Shields        | 4 5 6 7 8 9 |  9.8
Invocations    | 2 3 5 6 7 8 |  8.6

Action                   |  1- 3 |  4- 6 |  7- 9 | 10-12 || total
-------------------------+-------+-------+-------+-------++-------
Melee: Flail             |   118 |   217 |   302 |       ||   637
       Morningstar       |       |       |   155 |   682 ||   837
Evoke: Deck              |       |       |     8 |    13 ||    21
  Use: Scroll            |       |     6 |     5 |     7 ||    18
       Potion            |       |       |       |     2 ||     2
  Eat: Chunk             |     1 |     9 |    25 |    22 ||    57
Armor: Scale mail        |    97 |    17 |       |       ||   114
       Chain mail        |       |   114 |   256 |   368 ||   738
Dodge: Dodged            |    51 |    53 |   103 |   170 ||   377
Block: Shield            |    83 |   133 |   243 |   424 ||   883
